[Event "Vugar Gashimov Memorial Blitz 2024"]
[Site "Shusha"]
[Date "2024.09.28"]
[Round "1.1"]
[White "Nepomniachtchi, Ian"]
[Black "Mamedyarov, Shakhriyar"]
[Result "1-0"]
[ECO "B28"]
[WhiteElo "2755"]
[BlackElo "2733"]
[Annotator "TA"]
[PlyCount "75"]
[EventDate "2024.09.28"]
[EventType "tourn"]
[EventCountry "AZE"]
[SourceTitle "playchess.com"]
[Source "ChessBase"]
[SourceQuality "1"]
[TimeControl "180+2"]

1. e4 c5 2. Nf3 a6 3. c4 Nc6 4. d4 cxd4 5. Nxd4 e5 6. Nf5 d5 7. cxd5 Bxf5 8. exf5 Nd4 9. Nc3 Nf6 10. Bd3 (10. Bg5 $5) 10... Be7 11. O-O O-O $1 12. Re1 {[%emt 0:00:09] The position is equal.} Nxd5 13. Be4 (13. Qg4 {keeps more tension.} Nf6 14. Qg3 Rc8 15. Be3) 13... Nxc3 (13... Nf6 $1 $11) 14. bxc3 $14 Nb5 15. Qf3 (15. Qh5 {is interesting.} Bc5 16. f6 g6 17. Qf3) 15... Rc8 16. Bb2 Nd6 17. Rad1 {[%emt 0:00:37] [#] f6 is the strong threat.} Qc7 18. Bd5 $36 {[%emt 0:00:07][%mdl 2048] White has the initiative.} Bf6 (18... b5 $1 $11) 19. Ba3 $16 {[%emt 0:00:02] Hoping for Bxd6. White is more active. This pair of bishops is nice.} Rcd8 20. Bxd6 Rxd6 21. Bxb7 a5 22. Bd5 Rb6 23. c4 Qc5 24. Re2 g6 (24... Rb4 $16 25. g3 Rd8) 25. g3 $18 Kg7 26. Kg2 Rfb8 27. h4 Rb2 (27... h5 $142 28. Rd3 Rd8) 28. Rdd2 Rxd2 29. Rxd2 Qb4 30. Re2 Qb1 (30... Rf8 $142 31. h5 Qc5) 31. Be4 ({White should play} 31. fxg6 $18 fxg6 32. Qe3) 31... Qc1 $16 32. Rc2 Qe1 33. Re2 Qc1 34. fxg6 hxg6 35. Qg4 Rd8 (35... Qd1 $16 {was called for.} 36. Bc2 Qd6) 36. h5 Qxc4 (36... Qg5 $16 37. Qxg5 Bxg5 38. hxg6 fxg6) 37. hxg6 fxg6 {[%emt 0:00:02] [#]} (37... Qc8 $18 38. Bf5 Qa8+ 39. Re4 Qd5 40. gxf7+ Kxf7 41. Qg6+ Ke7 42. Qh7+ Qf7) 38. Qxg6+ {[%emt 0:00:01] Weighted Error Value: White=0.29 (precise) /Black=0.44.  Mistake:       	White=1     	Black=8      Inaccurate:     	White=2     	Black=2      OK:         	White=8     	Black=8      Best:        	White=2     	Black=2      Strong:       	---       	Black=1} 1-0

[Event "Vugar Gashimov Memorial Blitz 2024"]
[Site "Shusha"]
[Date "2024.09.28"]
[Round "1.2"]
[White "Artemiev, Vladislav"]
[Black "Suleymanli, Aydin"]
[Result "0-1"]
[ECO "D02"]
[WhiteElo "2701"]
[BlackElo "2632"]
[Annotator "TA"]
[PlyCount "154"]
[EventDate "2024.09.28"]
[EventType "tourn"]
[EventCountry "AZE"]
[SourceTitle "playchess.com"]
[Source "ChessBase"]
[SourceQuality "1"]
[TimeControl "180+2"]

1. d4 Nf6 2. Nf3 d5 3. Bf4 e6 4. Nbd2 c5 5. e3 Qb6 6. Rb1 Bd6 7. Bg5 Nbd7 8. c3 {[%emt 0:00:02] White is slightly better.} Qc7 9. Bd3 b6 10. e4 dxe4 11. Nxe4 Nxe4 12. Bxe4 Bb7 13. Bxb7 Qxb7 14. O-O h6 15. Bh4 g5 (15... Qc7 $11 {feels stronger.}) 16. dxc5 $14 Be7 17. Bg3 Nxc5 18. Re1 h5 19. Be5 (19. h3 {keeps more tension.} g4 20. hxg4 hxg4 21. Ne5) 19... Rg8 20. b4 (20. Nd4 $14 g4 21. g3) 20... Nd7 $1 $11 21. Bd6 {[%emt 0:00:18] Bxe7 is the strong threat.} Bxd6 (21... g4 $1 $15 22. Ne5 Nxe5 23. Bxe5 (23. Rxe5 $2 O-O-O $19) 23... h4) 22. Qxd6 {[%emt 0:00:01][%cal Oe1e6] Threatens to win with Rxe6+!} O-O-O 23. Nd4 $36 {[%emt 0:00:02][%cal Bf3d4,Bd4b5,Bb5d6,Bd6f7,Bf7e5,Be5c4][%mdl 2080] Strongly threatening Nc6. White has some pressure.} Qc7 (23... Nf8 $11 {remains equal.} 24. Qe5 Ng6) 24. Nb5 $16 Qxd6 25. Nxd6+ Kc7 26. Nxf7 Rdf8 27. Ne5 (27. Nh6 $2 Rg6 28. Re4 Rxh6 $19) 27... Nf6 (27... Nxe5 $16 28. Rxe5 Rg6) 28. c4 g4 29. c5 bxc5 30. Rec1 (30. Rbc1 $18) 30... Nd5 (30... Ne4 $16) 31. Rxc5+ $18 (31. bxc5 $6 Rb8 $16) 31... Kd6 32. Nc4+ Kd7 (32... Ke7 $16 33. Ra5 Rf4) 33. Ra5 Ra8 34. Ra6 Rgc8 35. Ne5+ Ke7 36. Nc6+ (36. a3 $18) 36... Kf6 (36... Kd7 $16 {might work better.}) 37. Nd4 $2 (37. Rxa7 Rxa7 38. Nxa7 Rc4 $14 (38... Ra8 39. Nc6 $11)) (37. f3 $18) 37... Nb6 $2 (37... Rc4 $11 {and Black has nothing to worry.} 38. Nxe6 (38. Rxe6+ Kf7 $11) 38... Nxb4) 38. Re1 (38. b5 $18) 38... Rc4 $16 39. Ne2 (39. Nxe6 Re8 $15 (39... Rxb4 $2 40. Ra5 $18)) ({White should try} 39. Rxe6+ $16 Kf7 40. h3 Rxd4 (40... g3 $2 41. fxg3 Rxd4 42. Rexb6 $18) 41. Rexb6 axb6 42. Rxa8 Rxb4 43. hxg4 Rxg4 44. a3) 39... Rxb4 $11 40. Ng3 h4 41. Ne4+ Kg6 42. Nc5 Rc8 43. Nxe6 (43. Nd3 $1 $16 {[%cal Rd3b4] stays on course.} Rd4 44. Ne5+ (44. Rxe6+ $2 Kf5 $19) 44... Kf6 45. f3 (45. Rxa7 Re4 $11) 45... gxf3 46. gxf3 (46. Rxa7 fxg2 47. Rf7+ Kg5 $11)) 43... Re4 $17 44. Kf1 (44. Rxe4 $2 Rc1+) (44. Nf8+ $17 Kh6 (44... Rxf8 $2 45. Rxe4 Kf5 46. f3 $18) 45. Kf1 (45. Rxb6+ $2 axb6 46. Rf1 Rxf8 $19) 45... Rxe1+ 46. Kxe1 Re8+ (46... Rxf8 47. Rxa7 Re8+ 48. Kf1 $17) 47. Kf1 Rxf8 48. Rxa7) 44... Rxe1+ $19 45. Kxe1 Re8 46. Rxa7 Rxe6+ $17 {[%emt 0:00:01][%mdl 4096] Endgame. KRN-KR} 47. Kf1 Nc4 48. Rd7 {[%emt 0:00:02] Dodges Nd2+} Re4 ({Better is} 48... Ne5 $19 49. Rd5 Re7) 49. a4 $2 (49. Rd1 $17 {is a better defense.}) 49... Kf5 $2 (49... Ne5 $1 $19 50. Rd5 Kf5) 50. Rd5+ {[%emt 0:00:05][%mdl 8192] [#]} (50. f3 $15 Ke6 51. Rh7 gxf3 52. gxf3) 50... Kf6 $2 ({Black should play} 50... Ne5 $1 $19 51. f3 gxf3 (51... Rxa4 $2 52. fxg4+ Ke4 53. Rd8 $19) 52. gxf3 Rxa4) 51. Rd3 Nb2 52. Rd6+ Ke5 53. Rh6 (53. Rd8 $15) 53... Nc4 $2 (53... Nxa4 54. Rxh4 Nb2 55. h3 $11) (53... Nd3 {mates} 54. f4+ Kd5 (54... Kxf4 {is a self mate.} 55. g3+ hxg3 56. Rf6+ Kg5 57. Rh6 Kxh6 58. hxg3 Re1+ 59. Kg2 Kg6 60. a5 Ra1 61. Kh2 Kf5 62. a6 Ke4 63. Kg2 Rxa6 64. Kg1 Kf3 65. Kh2 Kf2 66. Kh1 Rh6#) 55. Rh5+ Kd4 56. Re5 Rxf4+ (56... Nxe5 57. g3 h3 58. fxe5 Rxe5 59. Kf2 Kc3 60. Kg1 Rf5 61. a5 Kd3 62. a6 Ke2 63. Kh1 Rf1#) 57. Kg1 Nxe5 58. g3 Re4 (58... Nf3+ 59. Kf2 Rf6 60. gxh4 Ke4 61. Kg3 Nxh2 62. h5 Rd6 63. Kxh2 Kf3 64. a5 Rd2+ 65. Kh1 g3 66. h6 Rd1#) 59. gxh4 Re2 60. Kf1 Ke3 (60... Rxh2 {leads to mate.} 61. Kg1 g3 62. Kf1 Nf3 63. a5 Rf2#) 61. h5 Nf3 62. h6 Rf2#) 54. f3 $1 $15 gxf3 55. gxf3 Rf4 56. Kf2 {[%emt 0:00:01] [#] Prevents Ne3} (56. Rh8 $15) 56... Kd4 (56... Nd6 $1 $19 57. a5 Ra4) 57. Rh8 Ne5 58. Rd8+ Kc5 59. Ke3 Rxa4 {[%emt 0:00:01] aiming for ...Nc4+.} ({Reject} 59... Rxf3+ 60. Ke4 $11) 60. h3 $2 (60. f4 $17) 60... Ng6 $19 61. Rg8 Nf4 62. Rg5+ (62. Rd8 $142) 62... Nd5+ (62... Kd6 $142 63. Rg8 Nxh3) 63. Kd3 Kd6 {[%emt 0:00:01] And now ...Nf4+ would win.} 64. Ke2 $2 (64. Rg6+ Ke7 65. Kd2) 64... Nf4+ 65. Ke3 Nxh3 66. Rf5 Ke6 67. Rf8 Ng5 68. f4 Ra3+ 69. Ke2 Ne4 70. Rh8 h3 71. Kf1 Kf5 72. Rh4 Rg3 73. Ke2 Ra3 74. Kf1 $1 Nf6 {[%emt 0:00:01] Black mates.} 75. Rh6 Ng4 76. Rh8 Ra1+ 77. Ke2 h2 {[%emt 0:00:01] Both players deserved the win here.   Weighted Error Value: White=0.64/Black=0.44.  Loses game:     	White=5     	---        Missed win:     	White=1     	Black=3      Mistake:       	White=8     	Black=10     Inaccurate:     	White=3     	Black=3      OK:         	White=19    	Black=15     Best:        	---       	Black=8      Strong:       	White=1     	Black=1} 0-1

[Event "Vugar Gashimov Memorial Blitz 2024"]
[Site "Shusha"]
[Date "2024.09.28"]
[Round "1.3"]
[White "Abdusattorov, Nodirbek"]
[Black "Aravindh, Chithambaram VR."]
[Result "1/2-1/2"]
[ECO "C54"]
[WhiteElo "2766"]
[BlackElo "2698"]
[Annotator "TA"]
[PlyCount "116"]
[EventDate "2024.09.28"]
[EventType "tourn"]
[EventCountry "AZE"]
[SourceTitle "playchess.com"]
[Source "ChessBase"]
[SourceQuality "1"]
[TimeControl "180+2"]

1. e4 e5 2. Nf3 Nc6 3. Bc4 Bc5 4. c3 Nf6 5. d3 d6 6. b4 Bb6 7. a4 a5 8. b5 Ne7 9. Nbd2 Ng6 10. O-O O-O 11. d4 {[%emt 0:00:01] C54: Giuoco Piano: 4 c3 Nf6, main lines with 5 d4 and 5 d3.} Bg4 12. Qc2 Qd7 13. Re1 $1 {[%emt 0:00:01][%mdl 4] is currently scoring better than 13.dxe5.} Rfe8 14. Bb2 Nf4 15. Bf1 Bh5 16. h3 exd4 $146 ({Predecessor:} 16... Rad8 17. Kh2 h6 18. g3 Ne6 19. Bg2 Ng5 20. Nxg5 hxg5 21. Nc4 exd4 22. cxd4 Bg6 {1-0 Abdusattorov,N (2766)-Grischuk,A (2719) Tashkent UzChess Masters 2024 (5)}) 17. cxd4 Bg6 18. Nh4 d5 19. Nxg6 hxg6 20. e5 Nh7 21. Nf3 g5 22. Bc1 g4 23. Bxf4 gxf3 24. Rad1 fxg2 25. Bxg2 Nf8 26. Be3 Ng6 27. Kh2 c6 28. bxc6 bxc6 29. Bf3 Nh4 30. Bg4 f5 31. Bh5 f4 32. Bxf4 (32. Bxe8 Nf3+ 33. Kg2 Nxe1+ 34. Rxe1 Rxe8 35. Bxf4 Bxd4 $11) 32... Re6 33. Bg4 (33. Bg5 $142 Bd8 34. Bxh4 Bxh4 35. Bg4) 33... Rf8 $18 34. Bg3 (34. Bxe6+ Qxe6 35. Bg3 Nf3+ 36. Kg2 Bxd4 $14 (36... Nxe1+ 37. Rxe1 Bxd4 38. Qd3 $17)) ({White should play} 34. Bg5 $18 Nf3+ 35. Bxf3 Rxf3 36. Re3) 34... Nf3+ $16 35. Kg2 (35. Bxf3 $16 Rxf3 36. Rd3 Rxd3 37. Qxd3) 35... Nxe1+ $14 36. Rxe1 Bxd4 $1 37. f4 (37. Qd2 $5 c5 38. Qxa5 $16) 37... Qe7 38. Re2 c5 39. Qb3 Rd8 ({Wrong is} 39... c4 $2 40. Qd1 $18) 40. f5 (40. Bh4 $1 $16 Qxh4 41. Bxe6+ Kh8 42. Qf3 (42. Bxd5 Qxf4 43. Be4 Qc1 $17)) 40... Rxe5 $2 (40... c4 $11 {and Black stays safe.} 41. Qd1 Rxe5 42. Bxe5 Bxe5) 41. Bxe5 $18 Bxe5 {[%emt 0:00:01] [#]} 42. Qe3 $1 Re8 43. Bh5 d4 $2 (43... g6 44. Bxg6 Qg7) 44. Qb3+ $18 Kh8 (44... c4 {is a better defense.} 45. Qxc4+ Kh8) 45. Bxe8 $18 Qg5+ 46. Kf2 Qh4+ 47. Kf1 Qf4+ {[%emt 0:00:01] [#]} 48. Rf2 $2 ({Only move:} 48. Ke1 $1 $18 {Threatening mate with Bg6.} Qc1+ 49. Kf2) 48... Qc1+ $11 49. Kg2 Qg5+ 50. Kf1 Qc1+ 51. Ke2 c4 52. Qa2 $2 (52. Qb6 $15) 52... Qe3+ $2 (52... d3+ $19 53. Kf3 Qf4+ 54. Kg2 Qg3+ 55. Kf1 c3 (55... Qxh3+ $2 56. Kg1 $19)) 53. Kf1 $11 Qc1+ 54. Kg2 Qg5+ 55. Kf1 Qc1+ 56. Kg2 Qg5+ 57. Kf3 Qe3+ 58. Kg2 Qg5+ 1/2-1/2

[Event "Vugar Gashimov Memorial Blitz 2024"]
[Site "Shusha"]
[Date "2024.09.28"]
[Round "1.4"]
[White "Rapport, Richard"]
[Black "Mamedov, Rauf"]
[Result "0-1"]
[ECO "B22"]
[WhiteElo "2715"]
[BlackElo "2637"]
[Annotator "TA"]
[PlyCount "78"]
[EventDate "2024.09.28"]
[EventType "tourn"]
[EventCountry "AZE"]
[SourceTitle "playchess.com"]
[Source "ChessBase"]
[SourceQuality "1"]
[TimeControl "180+2"]

1. e4 c5 2. Nf3 g6 3. Bc4 Bg7 4. c3 d6 5. d4 cxd4 6. cxd4 Nf6 7. Nc3 O-O 8. Bb3 Bg4 9. O-O (9. Be3 $142) 9... Nc6 10. Be3 Nd7 {[%emt 0:00:01][%cal Bf6d7,Bd7e5,Be5g4][%mdl 32] Black is slightly better.} 11. Ne2 Bxf3 12. gxf3 e5 13. dxe5 Ndxe5 14. Ng3 h5 15. f4 Ng4 16. Qf3 a5 17. Rad1 a4 $40 {[%emt 0:00:07][%mdl 128] Black has some attack.} 18. Bd5 Qh4 19. Qg2 Ne7 20. Bxb7 {[%emt 0:00:07] A strong pair of Bishops.} (20. Bc1 {simplifies} Nxd5 21. Rxd5 Qe7 22. f5) 20... Rab8 21. Ba6 Rxb2 {[%emt 0:00:02] Threatens to win with ...Nxe3.} 22. Bc1 Rxa2 23. h3 Nh6 24. Rxd6 Rc2 {[%emt 0:00:05] [#]} ({Black should try} 24... a3 $1 $14) 25. Bd3 $2 {[%emt 0:00:15][%mdl 8192] [#]} (25. Ne2 $1 $16 {and life is bright.}) 25... Rxc1 $1 $19 26. Rxc1 {[%emt 0:00:04] Ne2 would now be deadly.} Qxf4 27. Rdc6 Nxc6 28. Rxc6 a3 29. Bc4 Qd2 $2 (29... Kh7 $19 30. Ra6 Rc8) 30. Rxg6 $11 Qc1+ (30... a2 31. Rxg7+ Kh8 (31... Kxg7 32. Nxh5+ Kh8 33. Qg7#) 32. Bxa2 (32. Nxh5 $2 a1=Q+ 33. Bf1 Qdd1 $19) 32... Qxa2 33. Rg5 $18 (33. Nxh5 Qa1+ 34. Qf1 Qe5 $14)) 31. Kh2 Qf4 {[%emt 0:00:12] ...Rc8 is the strong threat.} 32. Kh1 Qc1+ 33. Nf1 $2 (33. Qg1 $11 Qxc4 34. Rxg7+ Kh8 (34... Kxg7 35. Nxh5+ Kh8 36. Qg7#) 35. Qa1 (35. Nxh5 $2 Qxe4+ 36. Rg2 Qe5 $17)) 33... Qxc4 $19 34. Rxg7+ Kh8 35. Ne3 Qc1+ (35... Qc3 $142 36. Rg5 a2 37. Rxh5 a1=Q+ (37... a1=B 38. Rxh6#) 38. Kh2 Qa6) 36. Kh2 (36. Qg1 $142 Rc8 37. Qxc1 Rxc1+ 38. Rg1 Rxg1+ 39. Kxg1) 36... Qc7+ $2 ({Less strong is} 36... Ng4+ 37. Rxg4 hxg4 38. Qg3 $15) ({Black should play} 36... a2 $19 37. Qg5 Qc7+ (37... a1=B 38. Qxh6#) 38. Kg2 Qd6 (38... a1=B 39. Qxh6#)) 37. Kh1 $2 (37. Qg3 $15 Qxg3+ 38. Rxg3) 37... a2 {[%emt 0:00:04] Black is clearly winning.} 38. Qg1 Qe5 39. Rg5 a1=Q {[%emt 0:00:02] Weighted Error Value: White=0.95/Black=0.67.  Loses game:     	White=3     	---        Missed win:     	---       	Black=1      Mistake:       	White=1     	Black=1      Inaccurate:     	White=3     	Black=1      OK:         	White=12    	Black=7      Best:        	White=1     	Black=1      Brilliant:      	---       	Black=1} (39... a1=R $2 {loses.} 40. Rxe5 Rxg1+ 41. Kxg1 $18) (39... Rg8 $142 40. Rxe5 Rxg1+ 41. Kxg1 a1=Q+ (41... a1=B $2 {perishes.} 42. Rxh5 Kg7 43. Kf1 $18) 42. Kg2 Qxe5) 0-1

[Event "Vugar Gashimov Memorial Blitz 2024"]
[Site "Shusha"]
[Date "2024.09.28"]
[Round "2.1"]
[White "Mamedyarov, Shakhriyar"]
[Black "Mamedov, Rauf"]
[Result "1-0"]
[ECO "B06"]
[WhiteElo "2733"]
[BlackElo "2637"]
[Annotator "TA"]
[PlyCount "37"]
[EventDate "2024.09.28"]
[EventType "tourn"]
[EventCountry "AZE"]
[SourceTitle "playchess.com"]
[Source "ChessBase"]
[SourceQuality "1"]
[TimeControl "180+2"]

1. d4 g6 2. e4 Bg7 3. Nf3 a6 4. a4 d6 5. Bc4 Nf6 6. Qe2 c6 7. e5 Nd5 8. h3 {[%emt 0:00:15] White is slightly better.} O-O 9. O-O Nc7 10. c3 {[%emt 0:00:29] Black is weak on the dark squares} b5 11. Bd3 bxa4 12. Rxa4 (12. Nbd2 $16) 12... c5 (12... Nd7 $1 $11) 13. dxc5 $16 {[%emt 0:00:14] White has more active pieces.} dxc5 14. Rd1 $36 {[%emt 0:00:01][%cal Od3g6][%mdl 2048] aiming for Bxg6! Keeping Black busy.} Qe8 {[%emt 0:00:14] [#]} 15. Rh4 a5 (15... Nc6 $142 16. Bh6 Bxh6) 16. Ng5 $18 h6 17. Ne4 h5 18. Ng3 {[%emt 0:00:01][%cal Og3h5] Hoping for Nxh5!} ({Less strong is} 18. Nxc5 Nd7 19. Nxd7 Bxd7 $16) 18... Ne6 {[%emt 0:00:03] [#]} (18... Ba6 {was necessary.} 19. Bxa6 Nbxa6 20. Nxh5 Ne6) 19. Nxh5 $1 {[%emt 0:00:04][%mdl 512] Weighted Error Value: White=0.09 (flawless) /Black=0.46.  Mistake:       	White=1     	Black=3      Inaccurate:     	White=1     	Black=3      OK:         	White=9     	Black=2      Best:        	---       	Black=1} 1-0

[Event "Vugar Gashimov Memorial Blitz 2024"]
[Site "Shusha"]
[Date "2024.09.28"]
[Round "2.2"]
[White "Aravindh, Chithambaram VR."]
[Black "Rapport, Richard"]
[Result "1-0"]
[ECO "B13"]
[WhiteElo "2698"]
[BlackElo "2715"]
[Annotator "TA"]
[PlyCount "53"]
[EventDate "2024.09.28"]
[EventType "tourn"]
[EventCountry "AZE"]
[SourceTitle "playchess.com"]
[Source "ChessBase"]
[SourceQuality "1"]
[TimeControl "180+2"]

1. e4 c6 2. d4 d5 3. exd5 cxd5 4. Bd3 Nf6 5. h3 Nc6 6. c3 e5 7. dxe5 Nxe5 8. Nf3 Bd6 9. O-O {[%emt 0:00:07] Nxe5 would now be deadly.} O-O 10. Nxe5 Bxe5 {[%emt 0:00:02] White is slightly better.} 11. Nd2 Bc7 12. Nf3 Ne4 13. Be3 Re8 14. Re1 h6 15. Qb3 a5 (15... Qd6 $11) 16. Rad1 $14 a4 17. Qc2 Qf6 (17... Bf5 $14) 18. c4 $1 $16 Ba5 19. Bd4 $1 (19. Qxa4 Bxh3 20. b4 Bc7 $17) 19... Qf4 {[%emt 0:00:02] [#]} (19... Qc6 $16) 20. Re3 $1 $18 (20. Qxa4 $2 Bxh3 21. Re3 Bxg2 (21... Be1 22. Qxe8+ Rxe8 23. Rdxe1 $15) 22. Kxg2 Qg4+ 23. Kf1 Bd2 24. Bxe4 Bxe3 $19 (24... Rxa4 $2 25. Bf5 $19) (24... Rxa4 $2 25. Bf5 $19)) 20... Bf5 21. cxd5 ({Stronger than} 21. Qxa4 Bd2 (21... Be1 22. Qxe8+ Rxe8 23. Rdxe1 $11) 22. Qc2 Bxe3 23. Bxe3 Qc7 $11) 21... Rac8 22. Qe2 (22. Qxa4 $142 Ra8 23. Bxe4 Rxe4 24. b4) 22... Bg6 $2 {[%emt 0:00:33] [#]} (22... Nf6 {is tougher.} 23. Be5 Bxd3 24. Qxd3 Qc4 25. Bxf6 Qxd3 26. Rxe8+ (26. Rexd3 gxf6 27. d6 Rc2 $18) (26. Rdxd3 Rxe3 27. fxe3 gxf6 $16) 26... Rxe8 27. Rxd3 gxf6) 23. d6 $1 {[%emt 0:00:08][%mdl 512] aiming for d7.} Rcd8 {[%emt 0:00:22] [#]} 24. Be5 Rxe5 25. Nxe5 Bh5 $2 (25... Qxe5 26. Bxe4 Bb6 27. Bxb7 Bxe3) 26. g4 Qxe5 27. Rxe4 {[%emt 0:00:04] Weighted Error Value: White=0.42/Black=0.63.  Mistake:       	White=2     	Black=5      Inaccurate:     	White=1     	Black=3      OK:         	White=3     	Black=3      Best:        	White=1     	Black=1      Strong:       	White=3     	---} 1-0

[Event "Vugar Gashimov Memorial Blitz 2024"]
[Site "Shusha"]
[Date "2024.09.28"]
[Round "2.3"]
[White "Suleymanli, Aydin"]
[Black "Abdusattorov, Nodirbek"]
[Result "0-1"]
[ECO "C84"]
[WhiteElo "2632"]
[BlackElo "2766"]
[Annotator "TA"]
[PlyCount "152"]
[EventDate "2024.09.28"]
[EventType "tourn"]
[EventCountry "AZE"]
[SourceTitle "playchess.com"]
[Source "ChessBase"]
[SourceQuality "1"]
[TimeControl "180+2"]

1. e4 e5 2. Nf3 Nc6 3. Bb5 a6 4. Ba4 Nf6 5. O-O Be7 6. d3 d6 7. c4 O-O 8. Nc3 Nd7 9. Be3 Bf6 {[%emt 0:00:02] White is slightly better.} 10. h3 g6 11. Nd5 Bg7 12. b4 Nd4 13. Nxd4 exd4 14. Bd2 c6 15. Nf4 Ne5 16. Bc2 f5 {[%emt 0:00:05] White must now prevent ...fxe4.} 17. f3 Bd7 18. c5 Qe7 (18... fxe4 $15 {deserves consideration.} 19. fxe4 dxc5) 19. cxd6 (19. exf5 $5 Bxf5 20. g4 $11) 19... Qxd6 20. Bb3+ Kh8 {[%emt 0:00:01] Black is more active.} 21. Qc2 b6 {[%emt 0:00:22] Inhibits Qc5.} (21... fxe4 {feels hotter.} 22. fxe4 Rf6 23. Rae1 Raf8) 22. Ne2 (22. Rae1 $17 {was called for.}) 22... fxe4 $19 23. fxe4 {[%emt 0:00:01] [#]} Bxh3 $1 24. Bf4 (24. Rxf8+ Rxf8 25. Bf4 Bg4 $19) (24. gxh3 Nf3+) 24... Bg4 25. Qd2 Bxe2 26. Qxe2 Qxb4 27. Rac1 Rxf4 28. Rxf4 {[%emt 0:00:02] White is weak on the dark squares} Bh6 29. g3 Qe7 (29... Bxf4 30. gxf4 Qe7 31. Rc2 $15) 30. Rcf1 Bxf4 31. gxf4 Nd7 32. e5 (32. Qf2 {is a better defense.}) 32... Nc5 $1 33. e6 Qf6 34. Qg4 (34. Qf3 {keeps fighting.} Rc8 (34... Nxe6 $2 35. Qxc6 Rf8 36. Bxe6 $18) 35. Re1) 34... Re8 (34... Nxd3 35. Qf3 Nb4 36. Qe4 $17 (36. a3 $2 Nd5 $19)) 35. f5 Rg8 (35... Nxd3 36. fxg6 Qxg6 37. Qxg6 hxg6 38. Rf7) (35... Nxb3 $142 36. axb3 c5 (36... gxf5 $2 37. Rxf5 Qg6 38. Qxg6 $19)) 36. e7 Nxb3 (36... gxf5 37. Qxg8#) 37. axb3 Qxe7 (37... gxf5 $2 38. Qxg8+ Kxg8 39. e8=Q+ (39. e8=B $2 Kf8 $19) 39... Qf8 40. Qxc6 $18) (37... h5 $19 38. Qf4 gxf5+ 39. Kf2 Qxe7 40. Qxd4+ Kh7) 38. Qxd4+ {[%emt 0:00:02][%mdl 4096] Endgame. KQR-KQR} Qg7 39. f6 Qf7 40. Re1 Rf8 (40... Qxb3 41. f7+ Rg7 42. Re8#) 41. Re6 $1 c5 (41... Qxe6 42. f7+) (41... a5 $15) 42. Qe5 $11 Kg8 43. Qd5 $2 (43. Rxb6 $11 {and White stays safe.} Rd8 44. Qxc5) 43... a5 44. Qd6 b5 $1 45. Qe5 a4 46. bxa4 bxa4 47. Ra6 {[%emt 0:00:04] [#]} a3 48. Qxc5 $17 a2 $1 49. Qe5 Qd7 50. Rxa2 Qg4+ (50... Qxd3 $6 51. f7+ Rxf7 52. Ra8+ Rf8 53. Qe6+ Kg7 54. Qe5+ Kg8 55. Qe6+ Kg7 56. Qe7+ (56. Qe5+ Kg8 $11) 56... Rf7 57. Qe5+ Kh6 58. Qh2+ Kg5 59. Qg2+ Kf6 60. Qb2+ Ke6 (60... Kg5 61. Qg2+ Kf6 62. Qb2+ Ke6 63. Qa2+ Kf6 64. Ra6+ Kg5 65. Qg2+ Kh5 66. Qh2+ Kg5 67. Qg2+ Kf4 68. Ra4+ Ke5 69. Qb2+ Kd5 70. Ra5+ Kc6 71. Qc1+ Kb7 72. Qb2+ Kc6 73. Qc1+ Kb7 74. Qb2+ Kc6 $11) 61. Qa2+ Kf6 62. Ra6+ Kg7 63. Qb2+ Kh6 64. Qh2+ Kg5 65. Qg2+ Kh6 66. Qh2+ Kg5 67. Qg2+ Kh6 68. Qh2+ $11) 51. Rg2 {[%emt 0:00:02] [#]} Qd7 (51... Qd1+ $1 $17 52. Kh2 Qf3 53. Qe6+ Kh8) 52. Rf2 $11 Kf7 (52... Qxd3 53. f7+ Rxf7 54. Qe8+ Kg7 55. Qxf7+ Kh6 56. Qf4+ g5 57. Qf6+ Kh5 58. Rh2+ Kg4 59. Rg2+) 53. d4 Re8 54. Qf4 {[%emt 0:00:01] Against Qg4+} (54. Qg3 $11) 54... Re1+ $1 $15 55. Kh2 {[%emt 0:00:01] Hoping for Rc2.} Re6 (55... Qc6 $17 {( -> ...Qh1+)} 56. Rf3 h5) 56. Rc2 (56. Qh6 $11 {keeps the balance.} Qc7+ (56... Rxf6 57. Qxh7+ Ke6 58. Rxf6+ Kxf6 59. Qxd7 g5 60. Kg3 Kg6 61. Kg4) 57. Kg2 Qc6+ (57... Rxf6 58. Qxh7+ Ke6 59. Rxf6+ Kxf6 60. Qxc7 Ke6 61. Qe5+ Kd7 62. d5) 58. Kh2 Rxf6 59. Qxh7+ (59. Rxf6+ Kxf6 60. Qxh7 Qc2+ 61. Kg1 Qd1+ 62. Kg2 Qd2+ 63. Kf1 Qd1+ 64. Kg2 Qe2+ 65. Kg1 Qg4+ 66. Kh2 Qe2+ 67. Kg1 Qg4+ 68. Kh1 Qf3+ 69. Kg1 Qg3+ 70. Kh1 Qe1+ 71. Kg2 Qe4+ 72. Kh2 Qf4+ 73. Kh1 Qf3+ 74. Kh2 Qf2+ 75. Kh3 Qf5+ 76. Kg3 Qd3+ 77. Kh2 Qe2+ 78. Kg3 Qd3+ 79. Kg2 Qe2+ 80. Kg3 Qe3+ 81. Kg2 Qe4+ 82. Kg3 Qe1+ 83. Kf4 Qf2+ 84. Ke4 Qe2+ 85. Kd5 Qb5+ 86. Ke4 Qb1+ 87. Ke3 Qf5 $11) 59... Kf8 60. Qh6+ (60. Rxf6+ Qxf6 61. Qh6+ Kf7 $11) 60... Kg8 61. Rxf6 Qxf6 62. Qd2) 56... Rxf6 $17 {[%emt 0:00:05] Black keeps a firm grip on the game.} 57. Qe5 ({White should try} 57. Qc7 Qxc7+ 58. Rxc7+ Kg8 59. d5) 57... Qd6 {[%emt 0:00:02] Threatens to win with ...Qxe5+.} 58. Rc7+ Kg8 {[%emt 0:00:00] ...Qxe5+ would now be deadly.} 59. Rc8+ Kg7 60. Rc7+ Kh6 61. Kg3 $2 (61. Re7 $17) 61... Re6 $19 62. Qxd6 Rxd6 {[%emt 0:00:00] KR-KR} 63. Rc4 g5 64. Kf3 Kh5 65. Ke4 {[%emt 0:00:01] [#]} g4 $1 66. d5 Kh4 $2 (66... Rd8 67. Rc1 Kg5) 67. Rc6 $2 (67. Ke5 Rd8 68. d6) 67... Rd7 {[%emt 0:00:05] aiming for ...h5.} 68. Rh6+ Kg5 69. Re6 h5 70. Re5+ Kh4 71. Rf5 g3 72. Kf3 Rg7 {[%emt 0:00:01] Black is clearly winning.} 73. d6 g2 74. d7 g1=N+ ({Weaker is} 74... g1=B 75. d8=Q+ (75. d8=B+ Rg5 76. Rxg5 Bd4 77. Rg3+ Bf6 78. Bxf6#) (75. d8=B+ Rg5 76. Rxg5 Bd4 77. Rg3+ Bf6 78. Bxf6#)) 75. Kf2 Nh3+ 76. Kf3 Rxd7 {[%emt 0:00:01] Weighted Error Value: White=0.31/Black=0.28 (precise) .  Loses game:     	White=2     	---        Missed win:     	---       	Black=1      Mistake:       	White=6     	Black=6      Inaccurate:     	White=8     	Black=3      OK:         	White=15    	Black=14     Best:        	White=6     	Black=10     Strong:       	White=1     	Black=4      Brilliant:      	---       	Black=1} 0-1